 Dungeon Crawl Stone Soup version 0.29-a0-323-g050149af67 (webtiles) character file.

Game seed: 14179302181990447575

51 zishaf the Grave Robber (level 3, -1/26 HPs)
             Began as a Mummy Necromancer on Apr 11, 2022.
             Slain by a scorpion zombie (4 damage)
             ... in an ossuary.
             The game lasted 00:03:31 (2064 turns).

zishaf the Grave Robber (Mummy Necromancer)         Turns: 2064, Time: 00:03:32

Health: -1/26      AC:  4    Str: 11    XL:     3   Next: 58%
Magic:  8/8        EV: 12    Int: 16    God:
Gold:   54         SH:  0    Dex: 12    Spells: 3/9 levels left

rFire   x . .      SeeInvis .   b - +1 short sword (venom)
rCold   + . .      Faith    .   (no shield)
rNeg    + + +      Spirit   .   a - +0 robe
rPois   ∞          Reflect  .   c - +0 helmet
rElec   .          Harm     .   (no cloak)
rCorr   .          Rampage  .   h - +0 pair of gloves
Will    .....                   (no boots)
Stlth   ++........              (no amulet)
HPRegen 0.08/turn               (no ring)
MPRegen 0.11/turn               (no ring)

@: no status effects
A: cold resistance 1, negative energy resistance 3, torment resistance 2, heat
vulnerability 1, in touch with death 1, no potions
a: no special abilities


You were in an ossuary.
You visited 1 branch of the dungeon, and saw 3 of its levels.
You also visited: Ossuary.

You collected 54 gold pieces.

Inventory:

Hand Weapons
 b - a +1 short sword of venom (weapon)
Armour
 a - a +0 robe (worn)
 c - a +0 helmet (worn)
 h - a +0 pair of gloves (worn)
Jewellery
 g - a ring of resist corrosion
Scrolls
 e - 2 scrolls of identify {unknown}


   Skills:
 + Level 1.6 Fighting
 - Level 1.5 Dodging
 - Level 1.5 Stealth
 + Level 3.5 Spellcasting
 + Level 0.3 Summonings
 + Level 4.4 Necromancy


You had 3 spell levels left.
You knew the following spells:

 Your Spells              Type           Power      Damage    Failure   Level
a - Pain                  Necr           100%       1d9       2%          1
b - Vampiric Draining     Necr           25%        2d7       9%          3
c - Call Imp              Summ           3%         N/A       24%         2

Your spell library contained the following spells:

 Spells                   Type           Power      Damage    Failure   Level
 Animate Skeleton         Necr           50%        N/A       2%          1
 Summon Small Mammal      Summ           12%        N/A       16%         1
 Magic Dart               Conj           8%         1d3       19%         1
 Call Canine Familiar     Summ           3%         N/A       43%         3
 Summon Guardian Golem    Hex/Summ       3%         N/A       45%         3
 Mephitic Cloud           Conj/Pois/Air  2%         N/A       47%         3
 Animate Dead             Necr           12%        N/A       28%         4
 Agony                    Necr           25%        N/A       61%         5


Dungeon Overview and Level Annotations

Branches:
Dungeon (2/15)            Ossuary (1/1)

Altars:


Innate Abilities, Weirdness & Mutations

You are immune to poison.
Your flesh is cold resistant. (rC+)
You are immune to negative energy. (rN+++)
You are immune to unholy pain and torment.
You are vulnerable to heat. (rF-)
You are in touch with the powers of death.
You do not drink.


Message History

You are too injured to fight recklessly!
You are too injured to fight recklessly!
You hit the scorpion zombie.
The scorpion zombie is severely damaged.
The scorpion zombie barely misses you.
You barely miss the scorpion zombie.
The scorpion zombie is severely damaged.
The scorpion zombie misses you.
You hit the scorpion zombie but do no damage.
The scorpion zombie is severely damaged.
The scorpion zombie hits you.
You completely miss the scorpion zombie.
The scorpion zombie is severely damaged.
The scorpion zombie barely misses you.
You barely miss the scorpion zombie.
The scorpion zombie is severely damaged.
The scorpion zombie hits you.
You hit the scorpion zombie.
The scorpion zombie is severely damaged.
The scorpion zombie hits you.
* * * LOW HITPOINT WARNING * * *
You barely miss the scorpion zombie.
The scorpion zombie is severely damaged.
The scorpion zombie barely misses you.
You hit the scorpion zombie but do no damage.
The scorpion zombie is severely damaged.
The scorpion zombie hits you.
* * * LOW HITPOINT WARNING * * *
You hit the scorpion zombie.
The scorpion zombie is almost destroyed.
The scorpion zombie closely misses you.
You barely miss the scorpion zombie.
The scorpion zombie is almost destroyed.
The scorpion zombie hits you.
* * * LOW HITPOINT WARNING * * *
The scorpion zombie barely misses you.
You hit the scorpion zombie but do no damage.
The scorpion zombie is almost destroyed.
The scorpion zombie hits you.
You die...

####### #####
#...#.. #...#
+...8.. #.∩.#
#...... #...#
##8...8###'##
#.......#...#
#...8...Z@∩.#
#...#...#...#
# #########


You could see a scorpion zombie.

Vanquished Creatures
  A worm (D:2)
  2 dart slugs (D:1)
  An orc (D:4)
  5 endoplasms
  3 giant cockroaches
  6 goblins
  2 quokkas (D:1)
  6 ball pythons
  2 bats
  2 frilled lizards
  6 kobolds
  4 rats
40 creatures vanquished.

Notes
Turn   | Place    | Note
-------+----------+-------------------------------------------
     0 | D:1      | zishaf the Mummy Necromancer began the quest for the Orb.
     0 | D:1      | Reached XP level 1. HP: 13/13 MP: 4/4
   353 | D:1      | Reached XP level 2. HP: 20/20 MP: 6/6
   460 | D:1      | Reached skill level 1 in Fighting
  1235 | D:2      | Found a faded altar of an unknown god.
  1248 | D:2      | Gained mutation: You are in touch with the powers of death.
                  | [Mummy growth]
  1248 | D:2      | Reached XP level 3. HP: 20/26 MP: 7/7
  1263 | D:2      | Learned a level 3 spell: Vampiric Draining
  1266 | D:2      | Learned a level 2 spell: Call Imp
  1751 | D:2      | You fall into a shaft and drop 2 floors!
  1765 | D:4      | Found a sand-covered staircase.
  1770 | Ossuary  | Entered an ossuary
  2064 | Ossuary  | Slain by a scorpion zombie

Illustrated notes

Levels and vault maps discovered:
D:1:      roderic_dead_forest, layout_basic
D:2:      layout_rooms, shapermc_ecumenical_altar_notcrosses,
          minmay_pentomino_pile
D:4:      layout_basic, nicolae_ossuary_entry_ruins
Ossuary:  ossuary_minmay_scorpions

Skill      XL: |  1  2 |
---------------+-------+-----
Spellcasting   | 3 |  3.5
Fighting       | 1 |  1.6
Dodging        | |  1.5
Stealth        | |  1.5
Summonings     | |  0.3
Necromancy     | |  4.4

Action                   || total
-------------------------++-------
Melee: Short sword       ||   105
 Cast: Pain              ||    13
       Vampiric Draining ||     3
  Use: Scroll            ||     2
 Stab: Sleeping          ||     1
Armor: Robe              ||    26
Dodge: Dodged            ||    76

Table legend: (Time is in decaauts)
 A = Elapsed time spent in this place.
 B = Non-inter-level travel time spent in this place.
 C = Inter-level travel time spent in this place.
 D = Time resting spent in this place.
 E = Time spent auto-exploring this place.
 F = Levels seen in this place.
 G = Mean time per level.
                   A        B        C        D        E       F      G
               +--------+--------+--------+--------+--------+-----+--------+
         Total |   2075 |   2029 |     46 |    262 |   1443 |   4 |  518.8 |
       Dungeon |   1779 |   1733 |     46 |      0 |   1443 |   3 |  593.0 |
       Ossuary |    295 |    295 |      0 |    262 |      0 |   1 |  295.0 |
               +--------+--------+--------+--------+--------+-----+--------+

Top non-repeatable levels by time:
     D:1: 1110 daAuts
     D:2: 649 daAuts
 Ossuary: 295 daAuts
     D:4: 19 daAuts
